 Dungeon Crawl Stone Soup version 0.25.1-2-g60ff931df9 (webtiles) character file.

Game seed: 18313400389187994504

3350 raphialitos the Blocker (level 10, 0/76 HPs)
             Began as a Formicid Fighter on Oct 30, 2020.
             Was a Priest of the Shining One.
             Slain by a two-headed ogre
             ... wielding a +0 giant spiked club
              (22 damage)
             ... on level 8 of the Dungeon on Oct 31, 2020.
             The game lasted 00:24:18 (8266 turns).

raphialitos the Blocker (Formicid Fighter)          Turns: 8266, Time: 00:24:19

Health: 0/76       AC: 14    Str: 23    XL:     10   Next: 22%
Magic:  10/10      EV: 11    Int:  8    God:    the Shining One [***...]
Gold:   382        SH: 12    Dex: 11    Spells: 9/9 levels left

rFire    + . .     SeeInvis +   j - +3 hand axe
rCold    x . .     Gourm    .   c - +0 kite shield
rNeg     + . .     Faith    .   b - +2 scale mail
rPois    .         Spirit   .   (helmet unavailable)
rElec    .         Reflect  .   (no cloak)
rCorr    +         Harm     .   i - +2 pair of gloves of Honour {rF+ rC- SInv}
MR       +....                  g - +0 pair of boots {run}
Stlth    +.........             o - amulet of the acrobat
HPRegen  0.22/turn              y - ring of resist corrosion
MPRegen  0.12/turn              w - ring of stealth

@: glowing, quick
A: permanent stasis, dig shafts and tunnels, four strong arms, antennae 3
a: Dig, Shaft Self, Divine Shield, Renounce Religion


You were on level 8 of the Dungeon.
You worshipped the Shining One.
The Shining One was most pleased with you.
You were hungry.

You visited 2 branches of the dungeon, and saw 9 of its levels.
You also visited: Ossuary.

You collected 382 gold pieces.

Inventory:

Hand Weapons
 a - a +1 quarterstaff
 j - a +3 hand axe (weapon)
 t - a +2 falchion of holy wrath
 H - a cursed +5 dagger
Missiles
 k - 7 atropa-tipped darts
 m - 3 javelins
 n - 97 arrows
 p - 12 boomerangs
 q - 4 silver boomerangs
 u - 12 bolts
 v - 34 poisoned darts (quivered)
 C - 45 sling bullets
Armour
 b - a +2 scale mail (worn)
 c - a +0 kite shield (worn)
 g - a +0 pair of boots of running (worn)
 i - the +2 pair of gloves of Honour (worn) {rF+ rC- SInv}
   (You found it on level 7 of the Dungeon)

   It protects you from fire.
   It makes you vulnerable to cold.
   It lets you see invisible.
Jewellery
 o - an amulet of the acrobat (around neck)
 s - an uncursed ring of fire
 w - a ring of stealth (right hand)
 y - a ring of resist corrosion (left hand)
 z - an uncursed ring of protection from cold
Wands
 x - a wand of flame (13)
 E - a wand of paralysis (7)
Scrolls
 e - 7 scrolls of identify
 F - a scroll of immolation
 G - a scroll of remove curse
Potions
 d - 2 potions of curing
 h - a potion of ambrosia
 l - 2 potions of mutation
 r - a potion of magic
 A - a potion of heal wounds
 B - 2 potions of flight
Miscellaneous
 D - a tin of tremorstones (3/3)
Comestibles
 f - 9 rations


   Skills:
 + Level 5.8 Fighting
 + Level 6.7 Axes
 + Level 5.6 Staves
 + Level 1.1 Throwing
 + Level 6.6 Armour
 + Level 3.1 Dodging
 + Level 1.7 Stealth
 + Level 9.2 Shields
 + Level 0.5 Evocations


You had 9 spell levels left.
You didn't know any spells.
Your spell library contained the following spells:

 Spells                   Type           Power        Failure   Level  Hunger
 Magic Dart               Conj           #...         69%         1    ##.....
 Call Imp                 Summ           #.......     83%         2    ###....
 Searing Ray              Conj           #.....       83%         2    ###....
 Slow                     Hex            #.......     83%         2    ###....
 Conjure Flame            Conj/Fire      #.......     96%         3    ####...
 Dazzling Flash           Conj/Hex       #.....       96%         3    ####...
 Mephitic Cloud           Conj/Pois/Air  #.......     96%         3    ####...
 Fulminant Prism          Conj/Hex       #.........   100%        4    #####..
 Iskenderun's Mystic Bla  Conj/Tloc      #.......     100%        4    #####..
 Blink                    Tloc           Unusable     N/A         2    N/A

Dungeon Overview and Level Annotations

Branches:
Dungeon (8/15)             Temple (1/1) D:4         Ossuary (visited)
   Lair: D:8-11

Altars:
Cheibriados
Dithmenos
Elyvilon
Fedhas
Gozag
Hepliaklqana
Kikubaaqudgha
Makhleb
Nemelex Xobeh
Okawaru
Qazlal
Ru
Sif Muna
Trog
Vehumet
Wu Jian
Xom
Yredelemnul
Zin
The Shining One

Annotations:
D:6 1 runed translucent door


Innate Abilities, Weirdness & Mutations

You cannot be hasted, slowed, berserked, paralysed or teleported.
You can dig through walls and to a lower floor.
Your four strong arms can wield two-handed weapons with a shield.
You have a pair of large antennae on your head. (SInv)


Message History

The two-headed ogre closely misses you. The two-headed ogre barely misses you.
You hit the two-headed ogre.
The two-headed ogre is lightly wounded.
You block the two-headed ogre's attack. x2
You hit the two-headed ogre.
The two-headed ogre is moderately wounded.
You hit the two-headed ogre.
The two-headed ogre is moderately wounded.
The two-headed ogre hits you with a +0 giant spiked club!!
The two-headed ogre hits you with a +0 giant spiked club!
* * * LOW HITPOINT WARNING * * *
You slash the two-headed ogre!
The two-headed ogre is heavily wounded.
The two-headed ogre completely misses you.
You block the two-headed ogre's attack.
You hit the two-headed ogre.
The two-headed ogre is heavily wounded.
You block the two-headed ogre's attack.
The two-headed ogre hits you with a +0 giant spiked club!!
You die...

...#.....#.....##.....##..#
..##....###....####.####..#
..##.{..###...............#
.>##[...#......'..........#
..##....#......#..........#
..###'####.###+#......O..O#####
..##...###.#...(##'#######....#
...........'....#O..# #..S.#
...........#....@...# #....#
############>...##### #...<#
###### ######


You could see a two-headed ogre.

Vanquished Creatures
  A hippogriff (D:7)
  A wyvern (D:8)
  3 sky beasts
  3 orc warriors
  An ogre (D:7)
  An ice beast (D:8)
  2 centaurs
  A big kobold (D:7)
  2 elf zombies (Ossuary)
  5 bullfrogs
  2 scorpions (D:5)
  5 wights (D:6)
  2 howler monkeys
  A crimson imp (D:5)
  5 hounds
  A human zombie (Ossuary)
  A centaur skeleton (D:7)
  4 orc priests
  An iguana (D:4)
  9 orc wizards
  4 bullfrog skeletons
  5 worker ants
  2 hound zombies
  4 mummies (Ossuary)
  3 gnolls (D:5)
  A howler monkey skeleton (D:5)
  8 adders
  2 shadow imps
  An ooze (D:2)
  3 adder zombies (Ossuary)
  An adder skeleton (D:4)
  A worm (D:5)
  3 dart slugs
  A leopard gecko (D:3)
  32 orcs
  6 bats
  4 giant cockroaches
  4 hobgoblins
  12 kobolds
  7 quokkas
  10 frilled lizards
  7 goblins
  3 hobgoblin zombies (Ossuary)
  A kobold zombie (Ossuary)
  A quokka skeleton (D:5)
  7 rats
  A rat zombie (Ossuary)
185 creatures vanquished.

Vanquished Creatures (others)
  A jackal zombie (D:6)
1 creature vanquished.

Grand Total: 186 creatures vanquished

Notes
Turn   | Place    | Note
-------+----------+-------------------------------------------
     0 | D:1      | raphialitos the Formicid Fighter began the quest for the
                  | Orb.
     0 | D:1      | Reached XP level 1. HP: 18/18 MP: 1/1
    67 | D:1      | Reached XP level 2. HP: 24/24 MP: 2/2
   368 | D:1      | Reached skill level 4 in Shields
   905 | D:1      | Identified a +0 pair of boots of running (You found it on
                  | level 1 of the Dungeon)
   938 | D:2      | Reached XP level 3. HP: 29/29 MP: 3/3
  1357 | D:2      | Reached skill level 5 in Shields
  1357 | D:2      | Reached XP level 4. HP: 32/37 MP: 4/4
  1848 | D:3      | Reached XP level 5. HP: 42/42 MP: 5/5
  2021 | D:3      | Found a transporter.
  2384 | D:3      | Found a transporter.
  2450 | D:3      | You fall into a shaft and drop 1 floor!
  2455 | D:4      | Reached XP level 6. HP: 45/48 MP: 6/6
  2619 | D:3      | Found a white marble altar of Elyvilon.
  2878 | D:3      | Reached skill level 1 in Axes
  3195 | D:4      | Reached XP level 7. HP: 28/54 MP: 7/7
  3445 | D:4      | Found a staircase to the Ecumenical Temple.
  3609 | D:5      | Entered Level 5 of the Dungeon
  3624 | Temple   | Entered the Ecumenical Temple
  3705 | Temple   | Became a worshipper of the Shining One
  3773 | D:5      | Reached skill level 6 in Shields
  3825 | D:5      | Reached skill level 1 in Dodging
  4151 | D:5      | Reached * piety under the Shining One
  4235 | D:5      | Reached skill level 7 in Shields
  4235 | D:5      | Reached XP level 8. HP: 50/61 MP: 8/8
  4339 | D:5      | Found Gadorchu's Antique Weapon Shoppe.
  4637 | D:5      | Reached skill level 5 in Staves
  4682 | D:5      | Found an ancient bone altar of Kikubaaqudgha.
  4683 | D:5      | Found a snail-covered altar of Cheibriados.
  4787 | D:6      | Reached skill level 5 in Armour
  5022 | D:6      | Found a runed translucent door.
  5022 | D:6      | Found a white marble altar of Elyvilon.
  5022 | D:6      | Noticed an angel
  5075 | D:6      | Found a sand-covered staircase.
  5093 | Ossuary  | Entered an ossuary
  5108 | Ossuary  | Reached ** piety under the Shining One
  5392 | D:6      | Reached skill level 5 in Fighting
  5392 | D:6      | Reached XP level 9. HP: 56/68 MP: 9/9
  5495 | D:6      | Found a sparkling altar of Nemelex Xobeh.
  5495 | D:6      | Found an opulent altar of Gozag.
  5700 | D:6      | HP: 3/68 [orc warrior/+0 scimitar (6)]
  6127 | D:6      | Found an ornate altar of the Wu Jian Council.
  6127 | D:6      | Found an iron altar of Okawaru.
  6214 | D:6      | Reached skill level 1 in Stealth
  6232 | D:6      | Reached skill level 8 in Shields
  6597 | D:7      | Noticed a hippogriff
  6618 | D:7      | Killed a hippogriff
  6621 | D:7      | Reached *** piety under the Shining One
  6637 | D:7      | Reached skill level 5 in Axes
  6661 | D:7      | Reached skill level 1 in Throwing
  6679 | D:7      | Got a pair of warped gloves
  6684 | D:7      | Identified the +2 pair of gloves of Honour {rF+ rC- SInv}
                  | (You found it on level 7 of the Dungeon)
  6753 | D:7      | Found a bloodstained altar of Trog.
  7149 | D:7      | Found a blossoming altar of Fedhas.
  7322 | D:8      | Found a shadowy altar of Dithmenos.
  7334 | D:8      | Reached XP level 10. HP: 54/76 MP: 10/10
  7484 | D:8      | Reached skill level 9 in Shields
  7883 | D:8      | Noticed a two-headed ogre
  7947 | D:8      | Noticed a two-headed ogre
  8266 | D:8      | Slain by a two-headed ogre

Illustrated notes

Levels and vault maps discovered:
D:1:      minmay_arrival_four_circles, layout_basic, minmay_indecisive_spiral
D:2:      layout_basic, kennysheep_boxes
D:3:      gammafunk_wand_slinger, layout_basic, elyvilon_altar_3
D:4:      layout_rooms, minmay_temple_entry_steel_oval, first_ration
D:5:      layout_basic, gammafunk_temple_overflow_pools, serial_shops,
          nicolae_shop_window_shopping, minmay_misc_feat_doors
D:6:      layout_basic, grunt_temple_overflow_opulence,
          amethyst_overflow_temple_binary, enter_ossuary_3, minivault_24,
          grunt_decor_resistance, lemuel_angel_altar
D:7:      layout_rooms, lemuel_doored_altar, lemuel_crystal_altar
D:8:      layout_gridville, dancing_weapons_uskayaw, old_standard_altar
Temple:   cyrus_temple_forest

Skill      XL: |  1  2  3  4  5  6  7  8  9 10 |
---------------+-------------------------------+-----
Shields        | 4 5 7 8 9 |  9.2
Staves         | 3 4 5 |  5.6
Fighting       | 4 5 |  5.8
Axes           | 2 3 5 6 |  6.7
Armour         | 4 5 6 |  6.6
Dodging        | 1 2 3 |  3.1
Stealth        | 1 |  1.7
Throwing       | 1 |  1.1
Evocations     | |  0.5

Action                   |  1- 3 |  4- 6 |  7- 9 | 10-12 || total
-------------------------+-------+-------+-------+-------++-------
Melee: Quarterstaff      |    92 |    43 |   131 |       ||   266
       Hand axe          |       |    94 |   227 |    99 ||   420
Throw: Javelin           |     2 |       |     6 |       ||     8
       Dart              |       |       |     3 |     4 ||     7
Evoke: Wand              |       |     8 |       |       ||     8
  Use: Scroll            |     4 |     5 |     7 |       ||    16
       Potion            |       |       |     3 |       ||     3
  Eat: Chunk             |     1 |     6 |     9 |     3 ||    19
       Ration            |       |       |     1 |       ||     1
Armor: Scale mail        |    43 |    45 |   137 |    31 ||   256
Dodge: Dodged            |    27 |    45 |   140 |    69 ||   281
Block: Kite shield       |    56 |    74 |   204 |    83 ||   417
